 Dungeon Crawl Stone Soup version 0.31.0-12-g77e489cdc1 (webtiles) character file.

Game seed: 3608862724421438373

30 lordive the Twirler (level 3, -8/22 HPs)
             Began as a Gargoyle Gladiator on Mar 2, 2024.
             Mangled by Sigmund
             ... wielding a +0 scythe
              (9 damage)
             ... on level 2 of the Dungeon.
             The game lasted 00:01:22 (965 turns).

lordive the Twirler (Gargoyle Gladiator)             Turns: 965, Time: 00:01:23

Health: -8/22      AC:  7    Str: 17    XL:     3   Next: 20%
Magic:  3/3        EV: 12    Int: 10    God:
Gold:   30         SH:  0    Dex: 11    Spells: 2/2 levels left

rFire   . . .        a - +0 quarterstaff
rCold   . . .        (shield currently unavailable)
rNeg    + . .        b - +0 leather armour
rPois   ∞            c - +0 helmet
rElec   +            (no cloak)
rCorr   .            (no gloves)
SInv    .            (no boots)
Will    .....        (no amulet)
Stlth   +            (no ring)
HPRegen 0.23/turn    (no ring)
MPRegen 0.08/turn

%: no passive effects
@: confused
A: sickness immunity, AC +3, negative energy resistance 1, electricity
resistance, torment resistance 1, petrification resistance
a: no special abilities


You were on level 2 of the Dungeon.
You visited 1 branch of the dungeon, and saw 2 of its levels.

You collected 30 gold pieces.

Inventory:

Hand Weapons
 a - a +0 quarterstaff (weapon)
Missiles
 d - 3 throwing nets (quivered)
 e - 7 javelins
Armour
 b - a +0 leather armour (worn)
 c - a +0 helmet (worn)
Jewellery
 j - an amulet of magic regeneration
Scrolls
 g - a scroll of identify {unknown}
 h - a scroll of amnesia {unknown}
 k - a scroll of noise {unknown}
 l - a scroll of teleportation {unknown}
 o - a scroll of immolation {unknown}
 s - a scroll of fog {unknown}
Potions
 f - a potion of attraction {unknown}
 i - a potion of curing {unknown}
 m - a potion of might {unknown}
 n - a potion of haste {unknown}
 p - a potion of magic {unknown}
 q - a potion of resistance {unknown}
 r - a potion of degeneration {unknown}


   Skills:
 + Level 2.5 Fighting
 + Level 3.6 Staves
 + Level 1.8 Throwing
 + Level 1.0 Armour
 + Level 2.5 Dodging


You had 2 spell levels left.
You didn't know any spells.
Your spell library was empty.

Dungeon Overview and Level Annotations

Branches:
Dungeon (2/15)

Altars:
Cheibriados

Annotations:
D:2 Sigmund


Innate Abilities, Weirdness & Mutations

You are immune to sickness and miasma.
Your stone body is resilient. (AC +3)
You are immune to poison.
You resist negative energy. (rN+)
You are resistant to electric shocks. (rElec)
You are resistant to unholy torment.
You are immune to petrification.


Message History

You are too confused!
You are too confused!
You are too confused!
You are too confused!
You are too confused!
You are too confused!
You are too confused!
You are too confused!
You are too confused!
You are too confused!
You are too confused!
You are too confused!
You are too confused!
You barely miss Sigmund.
Sigmund is lightly wounded.
Sigmund barely misses you.
You bump into the rock wall.
Sigmund mumbles some strange words.
Sigmund flickers and vanishes!
Deactivating autopickup; reactivate with Ctrl-A.
You see here 3 gold pieces.
Something hits you.
You hear some strange, mumbled words.
You are more confused.
Something hits you.
You see here 3 gold pieces.
You bump into the rock wall.
Something hits you.
You bump into the rock wall.
You hear some strange, mumbled words.
You are more confused.
Something hits you!
You bump into the rock wall.
Something hits you but does no damage.
You see here 3 gold pieces.
Something hits you.
* * * LOW HITPOINT WARNING * * *
Something hits you.
* * * LOW HITPOINT WARNING * * *
Something hits you!
You die...

###### ###....# #....#
#######....#
#.....#..@.# .
#.....#|.{$# ..
###.....###.## .
.#.#.......###.##....
#.........).†.........
#.....#.#####.##.#.#.
#.#.....#####.##...
#....##.##.......###
#.......##.......#


There were no monsters in sight!

Vanquished Creatures
  A dart slug (D:1)
  3 bats
  An endoplasm (D:1)
  2 giant cockroaches (D:1)
  5 goblins (D:1)
  A hobgoblin (D:1)
  5 kobolds
  3 quokkas (D:1)
  2 ball pythons (D:1)
  A frilled lizard (D:1)
  A rat (D:1)
25 creatures vanquished.

Notes
Turn   | Place    | Note
-------+----------+-------------------------------------------
     0 | D:1      | lordive the Gargoyle Gladiator began the quest for the Orb.
     0 | D:1      | Reached XP level 1. HP: 12/12 MP: 1/1
   130 | D:1      | Reached XP level 2. HP: 11/18 MP: 2/2
   540 | D:1      | Reached XP level 3. HP: 22/22 MP: 3/3
   918 | D:2      | Found a snail-covered altar of Cheibriados.
   945 | D:2      | Reached skill level 1 in Armour
   946 | D:2      | Noticed Sigmund
   964 | D:2      | HP: 1/22 [something (5)]
   965 | D:2      | Mangled by Sigmund

Illustrated notes

Levels and vault maps discovered:
D:1:      minmay_arrival_cross, layout_basic, serial_curves, eino_curves_04,
          eino_curves_02, st_stairs_9, minmay_misc_feat_ornament
D:2:      layout_basic, basic_altar, kennysheep_nub, uniq_sigmund

Skill      XL: |  1  2  3 |
---------------+----------+-----
Armour         | 1 |  1.0
Fighting       | |  2.5
Staves         | |  3.6
Throwing       | |  1.8
Dodging        | |  2.5

Action                     || total
---------------------------++-------
  Melee: Quarterstaff      ||    75
 Armour: Leather armour    ||    49
  Dodge: Dodged            ||    43
